[Event "ICC tourney 1878 (15 10)"]
[Site "Internet Chess Club"]
[Date "2020.06.14"]
[Round "5"]
[White "Aniketshukla"]
[Black "NK3"]
[Result "0-1"]
[ICCResult "White resigns"]
[WhiteElo "1538"]
[BlackElo "1905"]
[Opening "Sicilian: dragon, Yugoslav attack, 10.O-O-O"]
[ECO "B78"]
[NIC "SI.18"]
[Time "17:41:03"]
[TimeControl "900+10"]

1. e4 c5 2. Nf3 d6 3. d4 cxd4 4. Nxd4 Nf6 5. Nc3 g6 6. Be3 Bg7 7. Bc4 O-O 8.
f3 Nc6 9. Qd2 Bd7 10. O-O-O Rc8 11. Bb3 Nxd4 12. Bxd4 b5 13. Nd5 Nxd5 14.
Bxg7 Kxg7 15. exd5 a5 16. Qd4+ Kg8 17. a3 b4 18. axb4 axb4 19. h4 Qa5 20. g4
Ba4 21. Qd3 Rc5 22. h5 Rfc8 23. Rh2 Bxb3 24. Qxb3 Qa1+ 25. Kd2 Rxc2+ 26.
Qxc2 Rxc2+ 27. Kxc2 b3+ 28. Kxb3 Qxd1+ 29. Kb4 Qxd5 30. b3 Qxf3 31. Ka5 Qxg4
32. b4 Qg3 33. Rb2 Qa3+ 34. Kb5 Qxb2 {White resigns} 0-1

[Event "ICC tourney 1878 (15 10)"]
[Site "Internet Chess Club"]
[Date "2020.06.14"]
[Round "5"]
[White "speedskater"]
[Black "musk6868"]
[Result "1-0"]
[ICCResult "Black resigns"]
[WhiteElo "2118"]
[BlackElo "1882"]
[Opening "Bogo-Indian defense"]
[ECO "E11"]
[NIC "QI.01"]
[Time "17:41:15"]
[TimeControl "900+10"]

1. d4 Nf6 2. c4 e6 3. Nf3 Bb4+ 4. Bd2 c5 5. Bxb4 cxb4 6. g3 O-O 7. Bg2 d6 8.
O-O Qc7 9. Nbd2 e5 10. Rc1 Nc6 11. e3 a5 12. c5 exd4 13. cxd6 Qxd6 14. Nc4
Qd8 15. Nxd4 Nxd4 16. Qxd4 Qxd4 17. exd4 Ra6 18. Rfe1 b5 19. Ne3 Rd6 20. d5
Bb7 21. Rc5 Re8 22. Rxb5 Bxd5 23. Bxd5 Rxd5 24. Nxd5 Rxe1+ 25. Kg2 Re5 26.
Rxa5 Kf8 27. Ra8+ Ne8 28. Nc7 f6 29. Rxe8+ Rxe8 30. Nxe8 Kxe8 31. a3 bxa3
32. bxa3 Kd7 33. Kf3 Kc6 34. Ke4 Kb5 35. Kf5 Ka4 36. Ke6 Ka5 37. Kf7 Ka4 38.
Kxg7 Kxa3 39. Kxf6 Kb4 40. Kg7 {Black resigns} 1-0

[Event "ICC tourney 1878 (15 10)"]
[Site "Internet Chess Club"]
[Date "2020.06.14"]
[Round "5"]
[White "pranav2007"]
[Black "Goran21"]
[Result "1-0"]
[ICCResult "Black checkmated"]
[WhiteElo "1698"]
[BlackElo "1597"]
[Opening "Sicilian: Najdorf, Opocensky variation"]
[ECO "B92"]
[NIC "SI.10"]
[Time "17:41:04"]
[TimeControl "900+10"]

1. e4 c5 2. Nf3 d6 3. d4 cxd4 4. Nxd4 Nf6 5. Nc3 a6 6. Be2 e5 7. Nb3 Be6 8.
Be3 Nbd7 9. O-O Be7 10. f4 exf4 11. Rxf4 O-O 12. Qd2 b5 13. a3 Ne5 14. Nd4
Bc4 15. Raf1 g6 16. b3 Bxe2 17. Ncxe2 d5 18. exd5 Nxd5 19. Re4 Bd6 20. Bg5
Qc7 21. Nxb5 Qb6+ 22. Nbd4 f5 23. Rh4 Rae8 24. Nf4 Nxf4 25. Bxf4 Be7 26. Rh3
Bc5 27. c3 Ng4 28. Rd3 Re4 29. b4 Be7 30. Qa2+ Kh8 31. h3 Nf6 32. Bh6 Rg8
33. Rfd1 Rh4 34. Be3 Qb7 35. Nf3 Rh5 36. Ne5 Qe4 37. Qe6 f4 38. Bd4 Qb7 39.
Nf7+ Kg7 40. Bxf6+ Bxf6 41. Rd7 Qb5 42. Ng5+ Kh6 43. Rxh7+ Kxg5 44. Qg4#
{Black checkmated}
1-0

[Event "ICC tourney 1878 (15 10)"]
[Site "Internet Chess Club"]
[Date "2020.06.14"]
[Round "5"]
[White "hilariouspanda"]
[Black "kptl132"]
[Result "0-1"]
[ICCResult "White resigns"]
[WhiteElo "1423"]
[BlackElo "1429"]
[Opening "Queen's pawn: London system"]
[ECO "A45"]
[NIC "QP.07"]
[Time "17:42:35"]
[TimeControl "900+10"]

1. d4 Nf6 2. Bf4 c5 3. e3 d5 4. c3 Nc6 5. Nd2 e6 6. Ngf3 Be7 7. Bd3 a6 8. a4
Bd7 9. Ne5 cxd4 10. exd4 O-O 11. g4 Nxe5 12. Bxe5 b5 13. axb5 Bxb5 14. Bxb5
axb5 15. Bxf6 Bxf6 16. O-O Qd6 17. h3 b4 18. f4 bxc3 19. bxc3 Ra3 20. Rxa3
Qxa3 21. Qb3 Ra8 22. Rb1 h6 23. Kf2 Qa7 24. Nf3 g6 25. Ne5 Bxe5 26. fxe5
Qa2+ 27. Qxa2 Rxa2+ 28. Kg3 Rd2 29. Rb8+ Kg7 30. Rc8 Rd3+ 31. Kg2 g5 32. Rc7
Kg6 33. Rc6 h5 34. Rc7 h4 35. Rc6 Rg3+ 36. Kh2 Re3 37. Kg2 Rd3 38. Kh2 Rg3
39. c4 dxc4 40. d5 Rd3 41. dxe6 fxe6 42. Rxe6+ Kf7 43. Rc6 c3 44. Kg2 Rd2+
45. Kf3 Rh2 46. Ke4 Rxh3 47. Kf5 Rf3+ 48. Ke4 Rg3 49. Kf5 h3 50. e6+ Ke7 51.
Rc7+ Ke8 52. Kf6 Rf3+ 53. Kxg5 h2 54. Rh7 c2 {White resigns} 0-1

[Event "ICC tourney 1878 (15 10)"]
[Site "Internet Chess Club"]
[Date "2020.06.14"]
[Round "5"]
[White "premierchess"]
[Black "Suraj240704"]
[Result "1-0"]
[ICCResult "Black resigns"]
[WhiteElo "1591"]
[BlackElo "1498"]
[Opening "Sicilian: Najdorf, Byrne (English) attack"]
[ECO "B90"]
[NIC "SI.14"]
[Time "17:41:05"]
[TimeControl "900+10"]

1. e4 c5 2. Nf3 d6 3. d4 cxd4 4. Nxd4 Nf6 5. Nc3 a6 6. Be3 e5 7. Nb3 Be7 8.
f3 Be6 9. Qd2 O-O 10. O-O-O a5 11. a4 Na6 12. g4 Nb4 13. g5 Nh5 14. Nd5 Nxd5
15. exd5 Bf5 16. Rg1 Rc8 17. Bd3 Bxd3 18. Qxd3 Qd7 19. Qb5 Qf5 20. Qd3 Qd7
21. Rg4 g6 22. Nxa5 Ra8 23. Bd2 Nf4 24. Qb3 Rfb8 25. c4 Ne2+ 26. Kb1 Qc7 27.
Qb4 Nf4 28. Nb3 Nd3 29. Qb5 Nf2 30. Rf1 Nxg4 31. fxg4 Bf8 32. Bb4 Rc8 33.
Nd2 Be7 34. b3 Bxg5 35. Ne4 Be7 36. g5 Qd8 37. h4 b6 38. Bd2 Rab8 39. Qb4
Qd7 40. Qc3 b5 41. Qf3 Qf5 42. axb5 Qxf3 43. Rxf3 Kf8 44. Bb4 Rb6 45. Kb2
Ke8 46. Rf1 Kf8 47. Ra1 Ke8 48. Ra7 Kf8 49. Rd7 Ke8 50. Ra7 Kf8 51. Ka3 Ke8
52. Ka4 Rbb8 53. Bxd6 Ra8 54. b6 Rxa7+ 55. bxa7 Ra8 56. Bb8 Kd7 57. Kb5 Kc8
58. d6 Bd8 59. Kc6 Ba5 60. d7+ Kd8 61. Nd6 Ke7 62. Nb7 e4 63. Bd6+ Ke6 64.
Bc5 Bd8 65. Nxd8+ Rxd8 66. Bb6 Ra8 67. d8=Q {Black resigns} 1-0

[Event "ICC tourney 1878 (15 10)"]
[Site "Internet Chess Club"]
[Date "2020.06.14"]
[Round "5"]
[White "saiabhi29"]
[Black "Bo002"]
[Result "0-1"]
[ICCResult "White resigns"]
[WhiteElo "1663"]
[BlackElo "1945"]
[Opening "Queen's pawn: London system"]
[ECO "A45"]
[NIC "QP.05"]
[Time "17:41:17"]
[TimeControl "900+10"]

1. d4 Nf6 2. Bf4 e6 3. Nf3 d5 4. e3 c5 5. c3 Nc6 6. Nbd2 cxd4 7. exd4 Nh5 8.
Be3 Bd6 9. Ne5 g6 10. Ndf3 O-O 11. Be2 f6 12. Nxc6 bxc6 13. Qd2 e5 14. dxe5
fxe5 15. O-O-O Nf4 16. Bxf4 Rxf4 17. h4 Bf5 18. Ng5 Qa5 19. Bd3 Bxd3 20.
Qxd3 Qxa2 21. f3 Rb8 22. Qc2 Rxb2 23. Qxb2 Ba3 24. Qxa3 Qxa3+ 25. Kc2 Qa2+
26. Kd3 Qc4+ 27. Kc2 d4 28. Ne4 Qa2+ 29. Kd3 Qxg2 30. Ng5 Qb2 31. Rc1 dxc3
{White resigns}
0-1

[Event "ICC tourney 1878 (15 10)"]
[Site "Internet Chess Club"]
[Date "2020.06.14"]
[Round "5"]
[White "piplup0621"]
[Black "playtowin2020"]
[Result "1/2-1/2"]
[ICCResult "Game drawn by repetition"]
[WhiteElo "1317"]
[BlackElo "1226"]
[Opening "R?ti opening"]
[ECO "A04"]
[NIC "QP.11"]
[Time "17:42:03"]
[TimeControl "900+10"]

1. Nf3 g6 2. d4 Bg7 3. e4 d5 4. Nc3 dxe4 5. Nxe4 Nf6 6. Bd3 O-O 7. c3 Nbd7
8. Bd2 c5 9. Qe2 cxd4 10. Nxd4 Ne5 11. Nxf6+ exf6 12. O-O-O Qa5 13. Kb1 Rd8
14. Bc2 Bd7 15. h4 Rac8 16. h5 Nc4 17. hxg6 hxg6 18. Bh6 Bxh6 19. Rxh6 Re8
20. Rdh1 f5 21. Rh8+ Kg7 22. Rxe8 Bxe8 23. Qe7 Qb6 24. Nxf5+ gxf5 25. Qg5+
Qg6 26. Qh4 Kf8 27. g4 Qb6 28. b3 Na3+ 29. Kb2 Nxc2 30. Kxc2 fxg4 31. Re1
Qg6+ 32. Kb2 Qg7 33. Re3 b5 34. Qe7+ Kg8 35. Qb7 Rd8 36. Qe7 Rc8 37. Qb7 Rd8
38. Qe7 Rc8 39. Qb7 {Game drawn by repetition} 1/2-1/2

[Event "ICC tourney 1878 (15 10)"]
[Site "Internet Chess Club"]
[Date "2020.06.14"]
[Round "5"]
[White "Atharva10"]
[Black "MasterZachary"]
[Result "0-1"]
[ICCResult "White checkmated"]
[WhiteElo "1594"]
[BlackElo "2139"]
[Opening "Ruy Lopez: modern Steinitz defense"]
[ECO "C71"]
[NIC "RL.10"]
[Time "17:42:09"]
[TimeControl "900+10"]

1. e4 e5 2. Nf3 Nc6 3. Bb5 a6 4. Ba4 d6 5. d4 b5 6. Bb3 Nxd4 7. Nxd4 exd4 8.
Bd5 Rb8 9. Qxd4 c5 10. Qd1 Nf6 11. Bg5 Be7 12. Bc6+ Bd7 13. Bxd7+ Qxd7 14.
Nd2 O-O 15. O-O h6 16. Bf4 Rfe8 17. Re1 Rbd8 18. Nf3 Qb7 19. Qd3 d5 20. e5
Ne4 21. Nd2 c4 22. Qe2 Nxd2 23. Qxd2 d4 24. Rad1 Bc5 25. Bg3 Qc6 26. Kh1 Qe6
27. f4 d3 28. b3 Qg4 29. Qc3 Bd4 30. Qd2 Bb6 31. Qc3 dxc2 32. Qxc2 h5 33.
Rxd8 Rxd8 34. Bf2 Ba5 35. Rc1 Rd2 36. Qe4 Rd1+ 37. Rxd1 Qxd1+ 38. Bg1 Bb6
39. Qa8+ Kh7 40. Qe4+ g6 41. Qe2 Qxg1# {White checkmated} 0-1

[Event "ICC tourney 1878 (15 10)"]
[Site "Internet Chess Club"]
[Date "2020.06.14"]
[Round "5"]
[White "playerlucky"]
[Black "kapilank"]
[Result "0-1"]
[ICCResult "White resigns"]
[WhiteElo "1407"]
[BlackElo "1502"]
[Opening "King's Indian: Smyslov system"]
[ECO "E61"]
[NIC "KI.76"]
[Time "17:41:06"]
[TimeControl "900+10"]

1. d4 Nf6 2. Nf3 g6 3. c4 Bg7 4. Nc3 d6 5. Bg5 O-O 6. e3 c5 7. Be2 Nc6 8. a3
Qb6 9. Qd2 e6 10. dxc5 Qxc5 11. Na4 Ne4 12. Nxc5 Nxd2 13. Nxd2 dxc5 14. Rb1
h6 15. Bh4 g5 16. Bg3 Rd8 17. Ne4 b6 18. Bf3 Na5 19. Nf6+ Bxf6 20. Bxa8 Nxc4
21. Bf3 Nxb2 22. O-O Ba6 23. Rfc1 Bd3 24. Ra1 Na4 25. Ra2 c4 26. Bd1 Nc3 27.
Rd2 Nxd1 28. Rdxd1 b5 29. f4 Bb2 30. Rc2 Bxa3 31. Be1 gxf4 32. exf4 Rd5 33.
Ra2 Bc5+ 34. Bf2 Bxf2+ 35. Kxf2 Rd7 36. Rb2 a6 37. Ra2 Rd6 38. Ke3 Kf8 39.
Rda1 Bf5 40. Rxa6 Rd3+ 41. Kf2 b4 42. Rc1 c3 43. Ra4 b3 44. Rb4 b2 45. Rc2
Rf3+ {White resigns} 0-1

[Event "ICC tourney 1878 (15 10)"]
[Site "Internet Chess Club"]
[Date "2020.06.14"]
[Round "5"]
[White "vikram251107"]
[Black "YKQ"]
[Result "1-0"]
[ICCResult "Black resigns"]
[WhiteElo "1471"]
[BlackElo "1615"]
[Opening "Sicilian: Kan, Mar?czy bind (R?ti variation)"]
[ECO "B41"]
[NIC "SI.41"]
[Time "17:41:17"]
[TimeControl "900+10"]

1. e4 c5 2. Nf3 e6 3. d4 cxd4 4. Nxd4 a6 5. c4 Qc7 6. f3 Nc6 7. Be3 Nxd4 8.
Bxd4 Ne7 9. Nc3 Nc6 10. Be3 Bd6 11. Qd2 Bxh2 12. O-O-O Be5 13. Na4 b5 14.
Nb6 Rb8 15. f4 Bf6 16. c5 b4 17. e5 Be7 18. Nc4 Na5 19. Nd6+ Kf8 20. Kb1 Bb7
21. Bd3 h6 22. Rc1 Bd5 23. f5 exf5 24. Bxf5 Qc6 25. Rhd1 Bxg2 26. Bxd7 Be4+
27. Nxe4 Qxe4+ 28. Qd3 Qxe5 29. Bd4 Qc7 30. c6 Rb5 31. Re1 Rd5 32. Bxg7+
Kxg7 33. Qxd5 Bg5 34. Qd4+ f6 35. Re7+ Kf8 36. Qxb4 Bxc1 37. Re8+ Kg7 38.
Qe7+ Kg6 39. Rxh8 Bxb2 40. Be8+ Kf5 41. Qxc7 {Black resigns} 1-0

[Event "ICC tourney 1878 (15 10)"]
[Site "Internet Chess Club"]
[Date "2020.06.14"]
[Round "5"]
[White "jy2020"]
[Black "Terry1234"]
[Result "1-0"]
[ICCResult "Black resigns"]
[WhiteElo "1590"]
[BlackElo "1452"]
[Opening "Sicilian"]
[ECO "B56"]
[NIC "SI.25"]
[Time "17:40:58"]
[TimeControl "900+10"]

1. e4 c5 2. Nf3 d6 3. d4 cxd4 4. Nxd4 Nf6 5. Nc3 Nc6 6. f3 e6 7. Be3 Be7 8.
Qd2 O-O 9. O-O-O d5 10. exd5 Nxd5 11. Nxd5 Qxd5 12. c4 Qd6 13. Nxc6 Qxc6 14.
Qc3 Bf6 15. Bd4 e5 16. Bxe5 Bxe5 17. Qxe5 Be6 18. Qd6 Qa4 19. Kb1 b5 20. b3
Qa5 21. Qe5 Qa3 22. Qb2 Qa5 23. cxb5 Rfd8 24. Be2 Qb6 25. Bc4 Bf5+ 26. Ka1
Rxd1+ 27. Rxd1 Rd8 28. Rxd8+ Qxd8 29. a4 Qd1+ 30. Ka2 h6 31. Qc3 Qg1 32. g4
Bb1+ 33. Kb2 Bg6 34. Qd2 Qb1+ 35. Ka3 Qa1+ 36. Kb4 Qe5 37. f4 Qe7+ 38. Kc3
Be4 39. Qd4 Bf3 40. Qe5 Qd7 41. g5 hxg5 42. fxg5 g6 43. a5 Bg2 44. h4 Bf3
45. b6 axb6 46. a6 Kh7 47. Qf6 b5 48. Qxf7+ {Black resigns} 1-0

[Event "ICC tourney 1878 (15 10)"]
[Site "Internet Chess Club"]
[Date "2020.06.14"]
[Round "5"]
[White "mopaska1106"]
[Black "blueeagle405"]
[Result "0-1"]
[ICCResult "White resigns"]
[WhiteElo "1487"]
[BlackElo "1576"]
[Opening "Gr?nfeld: exchange, classical variation"]
[ECO "D86"]
[NIC "GI.05"]
[Time "17:40:56"]
[TimeControl "900+10"]

1. d4 Nf6 2. c4 g6 3. Nc3 d5 4. cxd5 Nxd5 5. e4 Nxc3 6. bxc3 Bg7 7. Bc4 c5
8. Ne2 Nc6 9. Be3 cxd4 10. cxd4 b5 11. Bb3 Na5 12. O-O O-O 13. Bc2 Nc4 14.
Bf4 Ba6 15. Bb3 e5 16. dxe5 Nxe5 17. Nd4 Rc8 18. Bd5 Qb6 19. Be3 Qd6 20. Qb3
Nc4 21. Nxb5 Bxb5 22. Qxb5 Nxe3 23. fxe3 Bxa1 24. Rxa1 Kg7 25. Qb2+ f6 26.
a4 Qb6 27. Qd2 Rc5 28. a5 Qc7 29. a6 Rc2 30. Qd4 Rc1+ 31. Rxc1 Qxc1+ 32. Kf2
Qc7 33. Bb7 Rd8 34. Qxa7 g5 35. Kf3 h5 36. g4 Kh6 37. h3 h4 38. e5 fxe5 39.
Ke4 Re8 40. Kf3 e4+ 41. Bxe4 Qxa7 {White resigns} 0-1

[Event "ICC tourney 1878 (15 10)"]
[Site "Internet Chess Club"]
[Date "2020.06.14"]
[Round "5"]
[White "Tacticsguy52"]
[Black "davika21"]
[Result "0-1"]
[ICCResult "White checkmated"]
[WhiteElo "1327"]
[BlackElo "1510"]
[Opening "Scotch: Schmidt variation"]
[ECO "C45"]
[NIC "SO.03"]
[Time "17:41:00"]
[TimeControl "900+10"]

1. e4 e5 2. Nf3 Nc6 3. d4 exd4 4. Nxd4 Nf6 5. Nc3 Bb4 6. Nxc6 bxc6 7. Bd3
O-O 8. O-O d5 9. exd5 cxd5 10. Bg5 c6 11. Qf3 h6 12. Bh4 Be6 13. Ne2 Be7 14.
Nd4 Bd7 15. Nf5 Bxf5 16. Qxf5 g6 17. Qf3 Re8 18. Rfe1 Nd7 19. Bg3 Nc5 20.
Bf4 Nxd3 21. Qxd3 Bf8 22. Qh3 h5 23. Rad1 Bg7 24. b3 Qa5 25. Re3 Bd4 26.
Rxe8+ Rxe8 27. Be3 Bxe3 28. fxe3 Qc3 29. Rf1 Qxe3+ 30. Qxe3 Rxe3 31. Rf6 Rc3
32. Rf2 Kg7 33. Kf1 Re3 34. Rf4 Rc3 35. Rf2 Re3 36. Rf4 Re4 37. Rf3 f5 38.
Rc3 Re6 39. Rc5 Kf6 40. Ra5 Re7 41. Ra6 Rc7 42. Ke2 Ke5 43. Ke3 g5 44. g3
Kd6 45. h4 Re7+ 46. Kf3 gxh4 47. gxh4 Re4 48. Rxa7 Rxh4 49. Rf7 Rh2 50. Rxf5
Rxc2 51. Rxh5 Rxa2 52. Rh3 Ra3 53. Kf4 Kc5 54. Ke5 Kb4 55. Kd6 Rxb3 56. Rh4+
Kb5 57. Rh8 Rc3 58. Rb8+ Ka4 59. Ke5 Rb3 60. Ra8+ Kb4 61. Kd4 Rh3 62. Rb8+
Ka4 63. Kc5 Rc3+ 64. Kd4 Rc4+ 65. Kd3 Ka3 66. Rc8 Kb2 67. Rc7 Kc1 68. Rc8
Rc2 69. Rd8 Rd2+ 70. Kc3 c5 71. Rc8 d4+ 72. Kc4 Rc2+ 73. Kd3 Rc3+ 74. Ke4
Kc2 75. Rh8 d3 76. Rh2+ d2 77. Kd5 Kc1 78. Rh1+ d1=Q+ 79. Rxd1+ Kxd1 80. Kc6
Kd2 81. Kd5 c4 82. Kd4 Kc2 83. Kc5 Kb3 84. Kd4 Rh3 85. Kc5 c3 86. Kd4 c2 87.
Ke4 c1=Q 88. Kd4 Qc4+ 89. Ke5 Rh5+ 90. Kf6 Qc6+ 91. Kg7 Ra5 92. Kf7 Ra7+ 93.
Kf8 Qa8# {White checkmated} 0-1

[Event "ICC tourney 1878 (15 10)"]
[Site "Internet Chess Club"]
[Date "2020.06.14"]
[Round "5"]
[White "fishbein"]
[Black "dopolian"]
[Result "1/2-1/2"]
[ICCResult "Game drawn by repetition"]
[WhiteElo "1664"]
[BlackElo "1779"]
[Opening "Ruy Lopez: open, 8...Be6"]
[ECO "C80"]
[NIC "RL.27"]
[Time "17:40:56"]
[TimeControl "900+10"]

1. e4 e5 2. Nf3 Nc6 3. Bb5 a6 4. Ba4 Nf6 5. O-O Nxe4 6. d4 b5 7. Bb3 d5 8.
dxe5 Be6 9. Be3 Be7 10. c3 Nc5 11. Bc2 Nd7 12. Re1 Ndxe5 13. Nxe5 Nxe5 14.
Bd4 Ng6 15. Bxg7 Rg8 16. Bxg6 Rxg7 17. Rxe6 hxg6 18. Re2 Kf8 19. Nd2 Rg8 20.
Nf3 Bf6 21. Qd2 Kg7 22. Qf4 Qd7 23. Rae1 Rge8 24. g4 Rxe2 25. Rxe2 Re8 26.
Rxe8 Qxe8 27. g5 Bd8 28. Qd4+ Kg8 29. Qxd5 c6 30. Qd6 Be7 31. Qd4 Qc8 32.
Qe4 Qd7 33. h4 Bc5 34. Kg2 a5 35. b3 Bb6 36. c4 a4 37. Ne5 Qe6 38. f3 axb3
39. axb3 bxc4 40. Nxc4 Qxe4 41. fxe4 Bc7 42. e5 Kf8 43. Kf3 Ke7 44. Ke4 Ke6
45. Kd4 Kd7 46. Kc5 Bb8 47. Kb6 Bc7+ 48. Kc5 Bb8 49. Kb6 Bc7+ 50. Kb7 c5 51.
h5 gxh5 52. e6+ Kxe6 53. Kxc7 h4 54. Ne3 h3 55. Nf1 Kf5 56. Kd6 Kf4 57. Kxc5
Kf3 58. Kd4 Kg2 59. Ne3+ Kf3 60. Nf1 Kg2 61. Ne3+ Kf3 62. Nf1 Kg2 63. Ne3+
{Game drawn by repetition}
1/2-1/2

[Event "ICC tourney 1878 (15 10)"]
[Site "Internet Chess Club"]
[Date "2020.06.14"]
[Round "5"]
[White "Sparta250"]
[Black "gmRohde"]
[Result "1-0"]
[ICCResult "Black resigns"]
[WhiteElo "1887"]
[BlackElo "1680"]
[Opening "Sicilian: Taimanov variation"]
[ECO "B48"]
[NIC "SI.40"]
[Time "17:41:08"]
[TimeControl "900+10"]

1. e4 c5 2. Nf3 e6 3. d4 cxd4 4. Nxd4 Nc6 5. Nc3 Qc7 6. Be3 Nf6 7. Qf3 a6 8.
O-O-O Be7 9. Kb1 h5 10. Bg5 d6 11. Nb3 Bd7 12. Qg3 O-O-O 13. f4 h4 14. Qf3
Kb8 15. Bd3 Ne8 16. Bxe7 Nxe7 17. Rhe1 Nf6 18. Rd2 e5 19. f5 Bc6 20. Qe3 d5
21. exd5 Nexd5 22. Qxe5 Qxe5 23. Rxe5 Ng4 24. Re1 Nxh2 25. Nd4 Nb4 26. Be4
Bxe4 27. Rxe4 Nf1 28. Rf2 Ng3 29. Rg4 Nd5 30. Nxd5 Rxd5 31. c3 Rh7 32. Kc2
Re5 33. Kd3 Re1 34. Nf3 Rd1+ 35. Kc2 Rd5 36. Rxh4 Rxh4 37. Nxh4 Re5 38. Kd3
Ne4 39. Rf4 Ng3 40. Rf3 Ne2 41. Kd2 Re4 42. g3 Ng1 43. Re3 Rg4 44. Ke1 Nh3
45. Kf1 Ng5 46. Kg2 f6 47. Nf3 Nf7 48. Re7 Nd6 49. Nd4 Rg5 50. b4 Kc8 51. a4
Nxf5 52. Nxf5 Rxf5 53. Rxg7 Rd5 54. Rf7 Rf5 55. a5 Kb8 56. g4 Rf4 57. Kh3
Rf3+ 58. Kh4 Rxc3 59. Rxf6 Rc4 60. Rb6 Kc8 61. Kh5 Rc1 62. g5 Rh1+ 63. Kg6
Kc7 64. Kg7 Rg1 65. g6 Rg2 66. Kh7 Rh2+ 67. Kg8 Rg2 68. g7 Rg1 69. Kf7 Rf1+
70. Rf6 {Black resigns} 1-0

[Event "ICC tourney 1878 (15 10)"]
[Site "Internet Chess Club"]
[Date "2020.06.14"]
[Round "5"]
[White "IAlwaysWin"]
[Black "jackhearts"]
[Result "1/2-1/2"]
[ICCResult "Game drawn by repetition"]
[WhiteElo "1787"]
[BlackElo "1725"]
[Opening "R?ti opening"]
[ECO "A04"]
[NIC "QP.10"]
[Time "17:41:20"]
[TimeControl "900+10"]

1. Nf3 c5 2. e3 g6 3. d4 cxd4 4. exd4 Bg7 5. c4 Nf6 6. Nc3 O-O 7. Be2 d6 8.
O-O b6 9. d5 Bg4 10. h3 Bxf3 11. Bxf3 Nbd7 12. Bf4 a5 13. Qc2 Nc5 14. b3 Qd7
15. Rad1 Rfc8 16. Nb5 a4 17. Nd4 axb3 18. axb3 Ra3 19. Bc1 Ra1 20. Bb2 Ra2
21. Ra1 Rca8 22. Rxa2 Rxa2 23. Qb1 Ra8 24. b4 Na4 25. Ba1 Ne8 26. Nc6 Nc3
27. Qc2 Ra2 28. Qd3 Ne2+ 29. Bxe2 Bxa1 30. Re1 Bf6 31. Bg4 Qc7 32. Qe3 Kf8
33. Qh6+ Kg8 34. Qf4 h5 35. Bf3 Ng7 36. g4 hxg4 37. hxg4 Rc2 38. Re4 Bh4 39.
Be2 Bf6 40. Bd3 Rc3 41. Bf1 Qd7 42. g5 Nh5 43. Qd2 Qf5 44. Bg2 Ra3 45. gxf6
Ra1+ 46. Re1 Rxe1+ 47. Qxe1 Qxf6 48. Nxe7+ Kg7 49. Nc6 Nf4 50. Qe4 Qg5 51.
Qd4+ Kh7 52. Qe4 Nh3+ 53. Kf1 Qc1+ 54. Ke2 Qb2+ 55. Ke1 Qc1+ 56. Ke2 Qb2+
57. Ke1 Qc1+ 58. Ke2 Ng1+ 59. Kd3 Qb1+ 60. Ke3 Qc1+ 61. Kd3 Qa3+ 62. Kd2
Qb2+ 63. Qc2 Qf6 64. Ke1 Qa1+ 65. Qd1 Qc3+ 66. Kf1 Nh3 67. Bxh3 Qxh3+ 68.
Ke1 Qc3+ 69. Qd2 Qxc4 70. Ne7 Qe4+ 71. Qe2 Qb1+ 72. Qd1 Qe4+ 73. Qe2 Qb1+
74. Kd2 Qxb4+ 75. Ke3 Qc3+ 76. Qd3 Qe1+ 77. Qe2 Qc3+ 78. Kf4 b5 79. Nc6 Qf6+
80. Ke3 Qg5+ 81. Kd4 Qf4+ 82. Kc3 Qc1+ 83. Kb3 Qb1+ 84. Kc3 Qc1+ 85. Qc2
Qe1+ 86. Kb3 Qh1 87. Nb4 Qf3+ 88. Kb2 Qf6+ 89. Kb3 Qf3+ 90. Ka2 Qf4 91. Nd3
Qd4 92. Qb3 b4 93. Kb1 Qe4 94. Kb2 Qd4+ 95. Ka2 Kg8 96. Kb1 Qe4 97. Kc2 Qe2+
98. Kb1 Qe4 99. Ka2 Kh7 100. Nb2 Qd4 101. f3 Qa7+ 102. Kb1 Qd4 103. Qd3 Qg1+
104. Kc2 Qc5+ 105. Kb3 Qf2 106. Nc4 Qc5 107. Qd2 Kg8 108. f4 Kg7 109. Qb2+
Kg8 110. Qd2 Kg7 111. Qd3 Kg8 112. Nd2 Qa5 113. Nc4 Qc5 114. Qd2 Kg7
{Game drawn by repetition}
1/2-1/2